 Dungeon Crawl Stone Soup version 0.31-a0-175-g9f7f995f2b (webtiles) character file.

Game seed: 17293674932307185217

4925 qw the Skirmisher (level 10, -4/91 (96) HPs)
             Began as a Naga Hunter on June 17, 2023.
             Was a Priest of Okawaru.
             Slain by a wight
             ... wielding a +4 dagger of freezing
              (10 damage)
             ... on level 9 of the Dungeon.
             The game lasted 00:02:36 (7538 turns).

qw the Skirmisher (Naga Hunter)                     Turns: 7538, Time: 00:02:36

HP:   -4/91 (96)    AC:  9    Str: 19    XL:     10   Next: 52%
MP:   12/13         EV: 20    Int:  9    God:    Okawaru [***...]
Gold: 605           SH:  0    Dex: 20    Spells: 9/9 levels left

rFire   . . .        Y - +0 orcbow (freeze)
rCold   . . .        (shield currently unavailable)
rNeg    . . .        k - +0 leather armour {Will+}
rPois   +            n - +0 helmet
rElec   .            a - +1 cloak {Stlth+}
rCorr   .            (no gloves)
SInv    +            (no barding)
Will    ++...        j - amulet of faith
Stlth   ++++         c - +5 ring of evasion
HPRegen 0.35/turn    m - +6 ring of strength
MPRegen 0.13/turn

%: faith
@: about to teleport, heroic, drained, very slow
A: AC +3, large, see invisible, deformed body, poison resistance, slowness 2,
spit poison 1, naga tail 1
a: Spit Poison, Renounce Religion, Heroism


You were on level 9 of the Dungeon.
You worshipped Okawaru.
Okawaru was most pleased with you.
You visited 1 branch of the dungeon, and saw 9 of its levels.
You also visited: Ossuary.

You collected 605 gold pieces.


Innate Abilities, Weirdness & Mutations

Your serpentine skin is tough. (AC +3)
You have supernaturally acute eyesight. (SInv)
Armour fits poorly on your strangely shaped body.
Your system is resistant to poisons. (rPois)
You cover ground very slowly.
You can spit poison.
You have a snake-like lower body.


   Skills:
 - Level 8.0(13.0) Fighting
 + Level 11.1(16.1) Ranged Weapons
 - Level 1.3(6.3) Armour
 - Level 4.2(9.2) Dodging
 - Level 1.5(6.5) Stealth
 - Level 4.0 Invocations


You had 9 spell levels left.
You didn't know any spells.
Your spell library was empty.

Inventory:

Hand Weapons
 Y - a +0 orcbow of freezing (weapon)
Armour
 a - a +1 cloak of stealth (worn)
 f - +0 acid dragon scales
 k - a +0 leather armour of willpower (worn)
 n - a +0 helmet (worn)
Jewellery
 c - a +5 ring of evasion (left hand)
 j - an amulet of faith (around neck)
 m - a +6 ring of strength (right hand)
Scrolls
 g - 3 scrolls of teleportation
 l - a scroll of identify
Potions
 b - 2 potions of curing
 d - 4 potions of enlightenment
 h - 3 potions of resistance
 i - 2 potions of might
 o - 2 potions of magic

Dungeon Overview and Level Annotations

Branches:
Dungeon (9/15)             Temple (0/1) D:5         Ossuary (visited)
   Lair: D:8-11         Orc: D:9-12

Altars:
Cheibriados
Dithmenos
Elyvilon
Fedhas
Kikubaaqudgha
Nemelex Xobeh
Okawaru
Qazlal
Sif Muna
Vehumet
Wu Jian

Annotations:
D:6 1 runed translucent door, Crazy Yiuf


Message History

The wight completely misses you.
7532 ||| INVOKING Spit Poison.
Aiming: Spit Poison (1% risk of failure)
Press: ? - help, Shift-Dir - straight line, f - killer bee The splash of poison misses the killer bee.
You feel sick. The killer bee closely misses you.
The killer bee barely misses you. The wight closely misses you.
The wight misses you. The wight completely misses you.
You shoot an arrow. The arrow hits the wight.
The wight is moderately damaged.
The killer bee barely misses you.
You shoot an arrow. The arrow barely misses the wight.
You feel sick.
You hear an angry buzzing noise.
The killer bee misses you. The wight barely misses you.
The wight hits you with a +4 dagger of freezing!
The wight freezes you. The wight hits you with a +3 hand axe.
The killer bee barely misses you.
7535 ||| READING 4 scrolls of teleportation.
As you read the scroll of teleportation, it crumbles to dust.
You feel strangely unstable.
You feel sick. The killer bee stings you. The wight barely misses you.
The wight closely misses you. The wight barely misses you.
The killer bee completely misses you.
You shoot an arrow.
The arrow hits the wight but does no damage.
The wight is moderately damaged.
You feel sick. The killer bee completely misses you.
The wight completely misses you. The wight barely misses you.
The wight misses you.
You shoot an arrow. The arrow closely misses the wight.
You feel sick.
You are no longer poisoned.
The killer bee stings you but does no damage.
You shoot an arrow. The arrow hits the wight!
The wight is almost destroyed.
You have got your breath back.
The killer bee stings you. The wight barely misses you.
The wight hits you with a +4 dagger of freezing!
You die...

#.............
##.............
...........[..
#............
#............
..#............
........$......
#.y@#####..
##zzz......
##y#####.. #.#
..# [... ....#
#....# #.#..#


You could see 2 killer bees and 3 wights.

Vanquished Creatures
  Pikel (D:4)
  Maurice (D:8)
  Joseph (D:8)
  Maggie (D:6)
  Grinder (D:3)
  Sigmund (D:2)
  Eustachio (D:4)
  A wyvern (D:7)
  A steam dragon (D:8)
  Edmund (D:6)
  A water moccasin (D:4)
  An ice beast (D:6)
  A centaur (D:8)
  2 ogres
  2 kobold brigands
  An elf zombie (Ossuary)
  3 bullfrogs
  Blork the orc (D:4)
  6 wights
  2 scorpions
  4 killer bees (D:9)
  2 howler monkeys
  5 hounds
  2 jellies
  An orc priest (D:2)
  5 sleepcaps
  A gnoll bouda (D:8)
  Ijyb (D:4)
  4 iguanas
  6 orc wizards
  3 mummies (Ossuary)
  8 gnolls
  9 adders
  3 shadow imps
  3 white imps
  2 ufetubi
  7 adder zombies (Ossuary)
  2 worms
  A dart slug (D:2)
  12 orcs
  2 bats
  8 endoplasms
  7 giant cockroaches
  2 gnoll zombies (Ossuary)
  5 goblins
  12 hobgoblins
  3 quokkas
  8 ball pythons
  3 frilled lizards
  2 goblin zombies (Ossuary)
  19 kobolds
  4 kobold zombies (Ossuary)
  An orc zombie (Ossuary)
  A quokka zombie (Ossuary)
  3 rats (D:2)
191 creatures vanquished.

Notes
Turn   | Place    | Note
-------+----------+-------------------------------------------
     0 | D:1      | qw the Naga Hunter began the quest for the Orb.
     0 | D:1      | Reached XP level 1. HP: 19/19 MP: 1/1
     0 | D:1      | 0 ||| qw: Version: 0.3-a-2-g5ab2908
     0 | D:1      | 0 ||| qw: Game counter: 182
     0 | D:1      | 0 ||| qw: Always use a shield: true
     0 | D:1      | 0 ||| qw: God list: Okawaru
     0 | D:1      | 0 ||| qw: Allow faded altars: false
     0 | D:1      | 0 ||| qw: Do Orc after D:15 true
     0 | D:1      | 0 ||| qw: Do second Lair branch before Depths: true
     0 | D:1      | 0 ||| qw: Lair rune preference: random
     0 | D:1      | 0 ||| qw: Plans: Normal
     0 | D:1      | 0 ||| PLANNING D:1-11
    23 | D:1      | 23 ||| INVOKING Spit Poison.
    24 | D:1      | 24 ||| INVOKING Spit Poison.
    27 | D:1      | 27 ||| INVOKING Spit Poison.
    42 | D:1      | 42 ||| INVOKING Spit Poison.
    52 | D:1      | 52 ||| INVOKING Spit Poison.
    53 | D:1      | Reached skill level 4 in Ranged Weapons
    53 | D:1      | Reached XP level 2. HP: 26/26 MP: 2/2
    85 | D:1      | 85 ||| INVOKING Spit Poison.
   139 | D:1      | 139 ||| INVOKING Spit Poison.
   159 | D:1      | 159 ||| INVOKING Spit Poison.
   165 | D:1      | 165 ||| INVOKING Spit Poison.
   207 | D:1      | 207 ||| INVOKING Spit Poison.
   255 | D:1      | Found a faded altar of an unknown god.
   307 | D:1      | 307 ||| INVOKING Spit Poison.
   308 | D:1      | Reached XP level 3. HP: 32/32 MP: 3/3
   359 | D:1      | 359 ||| INVOKING Spit Poison.
   360 | D:1      | 360 ||| INVOKING Spit Poison.
   369 | D:1      | 369 ||| INVOKING Spit Poison.
   375 | D:1      | 375 ||| INVOKING Spit Poison.
   591 | D:1      | 591 ||| UPGRADING to amulet of faith.
   596 | D:1      | 596 ||| READING scroll labelled NIRILABBUU.
   597 | D:1      | 597 ||| READING scroll labelled BIBRAH DOXTI.
   598 | D:1      | 598 ||| READING scroll labelled NUOMAI UWOX.
   602 | D:1      | 602 ||| READING scroll labelled UTRIST IZAS.
   602 | D:1      | Identified a scroll of acquirement
   602 | D:1      | 602 ||| ACQUIRING +5 heavy shortbow
   602 | D:1      | Acquired a +5 heavy shortbow
   604 | D:1      | 604 ||| SWAPPING to +5 heavy shortbow.
   605 | D:1      | 605 ||| DROPPING +0 shortbow.
   606 | D:1      | 606 ||| READING scroll labelled TOEPPIMM QIOTZIO.
   607 | D:1      | 607 ||| READING scroll labelled JURENA DYIGYW.
   608 | D:1      | 608 ||| DRINKING 2 cyan potions.
   609 | D:1      | 609 ||| DRINKING 2 glowing inky potions.
   610 | D:1      | 610 ||| DROPPING scroll of butterflies.
   634 | D:2      | 634 ||| INVOKING Spit Poison.
   651 | D:2      | 651 ||| INVOKING Spit Poison.
   654 | D:2      | 654 ||| INVOKING Spit Poison.
   661 | D:2      | Found a sparkling altar of Nemelex Xobeh.
   745 | D:2      | 745 ||| INVOKING Spit Poison.
   748 | D:2      | 748 ||| INVOKING Spit Poison.
   892 | D:2      | 892 ||| INVOKING Spit Poison.
   897 | D:2      | 897 ||| INVOKING Spit Poison.
   945 | D:2      | 945 ||| INVOKING Spit Poison.
   946 | D:2      | Reached skill level 5 in Ranged Weapons
   946 | D:2      | Reached XP level 4. HP: 39/39 MP: 4/4
   998 | D:2      | 998 ||| INVOKING Spit Poison.
  1002 | D:2      | 1002 ||| INVOKING Spit Poison.
  1006 | D:2      | 1006 ||| Stepping ~*~*~tactically~*~*~ (outnumbered).
  1007 | D:2      | 1007 ||| INVOKING Spit Poison.
  1012 | D:2      | Reached skill level 3 in Fighting
  1072 | D:2      | 1072 ||| INVOKING Spit Poison.
  1175 | D:2      | Noticed Sigmund
  1176 | D:2      | 1176 ||| INVOKING Spit Poison.
  1179 | D:2      | Killed Sigmund
  1180 | D:2      | Reached skill level 6 in Ranged Weapons
  1180 | D:2      | Reached XP level 5. HP: 39/49 MP: 5/5
  1180 | D:2      | Reached XP level 6. HP: 44/56 MP: 6/6
  1247 | D:2      | 1247 ||| INVOKING Spit Poison.
  1293 | D:2      | 1293 ||| READING scroll labelled JOBITI QEVUHI.
  1294 | D:2      | 1294 ||| DRINKING 3 red potions.
  1354 | D:3      | 1354 ||| INVOKING Spit Poison.
  1373 | D:3      | Found an iron altar of Okawaru.
  1374 | D:3      | 1374 ||| PLANNING OKAWARU WORSHIP
  1381 | D:3      | Became a worshipper of Warmaster Okawaru
  1382 | D:3      | 1382 ||| PLANNING D:1-11
  1401 | D:3      | 1401 ||| INVOKING Spit Poison.
  1428 | D:3      | 1428 ||| INVOKING Spit Poison.
  1524 | D:3      | 1524 ||| INVOKING Spit Poison.
  1599 | D:3      | Found a shimmering blue altar of Sif Muna.
  1599 | D:3      | Found an ancient bone altar of Kikubaaqudgha.
  1601 | D:3      | Found a radiant altar of Vehumet.
  1668 | D:3      | 1668 ||| INVOKING Spit Poison.
  1703 | D:3      | 1703 ||| INVOKING Spit Poison.
  1722 | D:3      | Found a snail-covered altar of Cheibriados.
  1741 | D:3      | 1741 ||| INVOKING Spit Poison.
  1866 | D:3      | Noticed Grinder
  1869 | D:3      | 1869 ||| INVOKING Spit Poison.
  1875 | D:3      | Killed Grinder
  1875 | D:3      | Reached * piety under Okawaru
  1876 | D:3      | Reached XP level 7. HP: 65/67 MP: 7/7
  1890 | D:3      | 1890 ||| INVOKING Spit Poison.
  2091 | D:3      | 2091 ||| READING scroll labelled TETHRON VO NEW.
  2092 | D:3      | 2092 ||| DRINKING 2 sapphire potions.
  2093 | D:3      | 2093 ||| DROPPING potion of attraction.
  2155 | D:4      | 2155 ||| INVOKING Spit Poison.
  2168 | D:4      | 2168 ||| INVOKING Spit Poison.
  2176 | D:4      | Noticed Ijyb
  2177 | D:4      | 2177 ||| INVOKING Heroism.
  2181 | D:4      | Reached skill level 1 in Invocations
  2197 | D:4      | 2197 ||| INVOKING Heroism.
  2205 | D:4      | 2205 ||| INVOKING Spit Poison.
  2206 | D:4      | Killed Ijyb
  2228 | D:4      | 2228 ||| INVOKING Spit Poison.
  2236 | D:4      | 2236 ||| INVOKING Spit Poison.
  2240 | D:4      | 2240 ||| INVOKING Spit Poison.
  2250 | D:4      | 2250 ||| INVOKING Spit Poison.
  2285 | D:4      | 2285 ||| INVOKING Spit Poison.
  2330 | D:4      | 2330 ||| FLEEEEING.
  2332 | D:4      | 2332 ||| STAIRDANCE
  2358 | D:3      | 2358 ||| UPGRADING to +0 leather armour of willpower.
  2368 | D:3      | 2368 ||| DROPPING +0 leather armour.
  2369 | D:3      | 2369 ||| READING scroll labelled REQASH IBRE.
  2392 | D:4      | 2392 ||| INVOKING Spit Poison.
  2395 | D:4      | 2395 ||| INVOKING Spit Poison.
  2461 | D:4      | Noticed Pikel
  2462 | D:4      | 2462 ||| INVOKING Heroism.
  2483 | D:4      | 2483 ||| INVOKING Heroism.
  2485 | D:4      | 2485 ||| INVOKING Spit Poison.
  2489 | D:4      | Killed Pikel
  2489 | D:4      | Reached ** piety under Okawaru
  2490 | D:4      | Reached skill level 8 in Ranged Weapons
  2490 | D:4      | Reached XP level 8. HP: 69/74 MP: 7/10
  2518 | D:4      | Found a white marble altar of Elyvilon.
  2611 | D:4      | 2611 ||| INVOKING Spit Poison.
  2614 | D:4      | Reached skill level 3 in Invocations
  2621 | D:4      | 2621 ||| INVOKING Spit Poison.
  2625 | D:4      | 2625 ||| INVOKING Spit Poison.
  2678 | D:4      | Noticed Eustachio
  2679 | D:4      | 2679 ||| INVOKING Heroism.
  2681 | D:4      | 2681 ||| INVOKING Spit Poison.
  2685 | D:4      | 2685 ||| INVOKING Spit Poison.
  2686 | D:4      | Killed Eustachio
  2854 | D:4      | 2854 ||| INVOKING Spit Poison.
  2862 | D:4      | 2862 ||| INVOKING Spit Poison.
  3026 | D:4      | 3026 ||| INVOKING Spit Poison.
  3078 | D:4      | Noticed Blork the orc
  3079 | D:4      | 3079 ||| INVOKING Heroism.
  3080 | D:4      | 3080 ||| INVOKING Spit Poison.
  3083 | D:4      | Killed Blork the orc
  3084 | D:4      | Reached skill level 9 in Ranged Weapons
  3098 | D:4      | 3098 ||| INVOKING Spit Poison.
  3102 | D:4      | 3102 ||| INVOKING Spit Poison.
  3106 | D:4      | 3106 ||| INVOKING Spit Poison.
  3114 | D:4      | 3114 ||| INVOKING Spit Poison.
  3176 | D:4      | 3176 ||| DRINKING 2 bubbling silvery potions.
  3179 | D:5      | Entered Level 5 of the Dungeon
  3193 | D:5      | Reached XP level 9. HP: 81/81 MP: 12/12
  3256 | D:5      | Found a staircase to the Ecumenical Temple.
  3258 | D:5      | 3258 ||| INVOKING Spit Poison.
  3269 | D:5      | 3269 ||| INVOKING Spit Poison.
  3272 | D:5      | Reached skill level 3 in Dodging
  3721 | D:5      | 3721 ||| INVOKING Spit Poison.
  3732 | D:5      | 3732 ||| INVOKING Spit Poison.
  3733 | D:5      | 3733 ||| INVOKING Heroism.
  3751 | D:5      | 3751 ||| INVOKING Spit Poison.
  4094 | D:5      | 4094 ||| DROPPING amulet of magic regeneration.
  4095 | D:5      | 4095 ||| READING 4 scrolls labelled FASOIRGH GIFU.
  4096 | D:5      | 4096 ||| READING scroll labelled NOSIADW WOBILA.
  4097 | D:5      | 4097 ||| DRINKING 2 black potions.
  4098 | D:5      | 4098 ||| READING 2 scrolls of identify.
  4098 | D:5      | 4098 ||| IDENTIFYING clear potion
  4099 | D:5      | 4099 ||| DROPPING potion of invisibility.
  4100 | D:5      | 4100 ||| DROPPING 3 scrolls of revelation.
  4125 | D:6      | 4125 ||| INVOKING Spit Poison.
  4130 | D:6      | 4130 ||| INVOKING Spit Poison.
  4131 | D:6      | Reached skill level 6 in Fighting
  4133 | D:6      | 4133 ||| INVOKING Spit Poison.
  4135 | D:6      | 4135 ||| STAIRDANCE
  4137 | D:5      | 4137 ||| INVOKING Spit Poison.
  4140 | D:5      | 4140 ||| INVOKING Spit Poison.
  4223 | D:6      | Found a stormy altar of Qazlal.
  4223 | D:6      | Found an ornate altar of the Wu Jian Council.
  4223 | D:6      | Found a shadowy altar of Dithmenos.
  4235 | D:6      | 4235 ||| INVOKING Spit Poison.
  4239 | D:6      | 4239 ||| INVOKING Spit Poison.
  4336 | D:6      | 4336 ||| INVOKING Spit Poison.
  4337 | D:6      | Noticed Maggie
  4342 | D:6      | 4342 ||| INVOKING Spit Poison.
  4346 | D:6      | 4346 ||| INVOKING Heroism.
  4347 | D:6      | 4347 ||| INVOKING Spit Poison.
  4348 | D:6      | Killed Maggie
  4482 | D:6      | Found a sparkling altar of Nemelex Xobeh.
  4520 | D:6      | 4520 ||| INVOKING Spit Poison.
  4551 | D:6      | 4551 ||| INVOKING Spit Poison.
  4555 | D:6      | 4555 ||| INVOKING Spit Poison.
  4555 | D:6      | Reached *** piety under Okawaru
  4556 | D:6      | Reached skill level 10 in Ranged Weapons
  4557 | D:6      | Noticed Edmund
  4558 | D:6      | 4558 ||| INVOKING Heroism.
  4559 | D:6      | 4559 ||| INVOKING Spit Poison.
  4563 | D:6      | 4563 ||| INVOKING Spit Poison.
  4566 | D:6      | 4566 ||| INVOKING Spit Poison.
  4567 | D:6      | Killed Edmund
  4991 | D:6      | Found a runed translucent door.
  4992 | D:6      | Noticed Crazy Yiuf
  5273 | D:6      | 5273 ||| UPGRADING to +0 helmet.
  5278 | D:6      | 5278 ||| UPGRADING to +5 ring of evasion.
  5279 | D:6      | 5279 ||| DRINKING 2 ruby potions.
  5280 | D:6      | 5280 ||| DROPPING potion of degeneration.
  5326 | D:7      | Found the +8 demon trident "Rift" {distort, reach+}
  5326 | D:7      | Found a flagged portal.
  5327 | D:7      | 5327 ||| PLANNING OSSUARY
  5328 | D:7      | 5328 ||| INVOKING Heroism.
  5409 | D:7      | 5409 ||| INVOKING Heroism.
  5410 | D:7      | 5410 ||| INVOKING Spit Poison.
  5414 | D:7      | Reached skill level 1 in Armour
  5415 | D:7      | 5415 ||| INVOKING Spit Poison.
  5418 | D:7      | 5418 ||| INVOKING Spit Poison.
  5582 | D:7      | 5582 ||| INVOKING Spit Poison.
  5588 | D:7      | 5588 ||| INVOKING Spit Poison.
  5662 | D:7      | 5662 ||| Stepping ~*~*~tactically~*~*~ (outnumbered).
  5664 | D:7      | 5664 ||| INVOKING Spit Poison.
  5667 | D:7      | 5667 ||| INVOKING Spit Poison.
  5673 | D:7      | 5673 ||| INVOKING Spit Poison.
  5691 | D:7      | Found a sand-covered staircase.
  5692 | D:7      | 5692 ||| UPGRADING to +6 ring of strength.
  5693 | D:7      | 5693 ||| READING 3 scrolls of identify.
  5693 | D:7      | 5693 ||| IDENTIFYING white potion
  5702 | Ossuary  | Entered an ossuary
  5714 | Ossuary  | Reached XP level 10. HP: 81/94 MP: 13/13
  5890 | Ossuary  | 5890 ||| READING scroll labelled XEXYAF DIPLO.
  5891 | Ossuary  | 5891 ||| READING scroll labelled WOIKHESALO.
  5892 | Ossuary  | 5892 ||| READING 2 scrolls of identify.
  5892 | Ossuary  | 5892 ||| IDENTIFYING blue potion
  5893 | Ossuary  | 5893 ||| DROPPING potion of berserk rage.
  5898 | D:7      | 5898 ||| PLANNING D:1-11
  5938 | D:7      | 5938 ||| INVOKING Spit Poison.
  5944 | D:7      | 5944 ||| INVOKING Spit Poison.
  6133 | D:8      | Noticed Joseph
  6140 | D:8      | 6140 ||| INVOKING Heroism.
  6142 | D:8      | HP: 22/94 [Joseph/sling bullet (20)]
  6143 | D:8      | 6143 ||| READING 5 scrolls of teleportation.
  6143 | D:8      | HP: 8/94 [Joseph/sling bullet (14)]
  6144 | D:8      | 6144 ||| DRINKING potion of heal wounds.
  6147 | D:8      | 6147 ||| INVOKING Spit Poison.
  6316 | D:8      | 6316 ||| Stepping ~*~*~tactically~*~*~ (outnumbered).
  6317 | D:8      | 6317 ||| INVOKING Spit Poison.
  6320 | D:8      | 6320 ||| INVOKING Spit Poison.
  6322 | D:8      | Reached skill level 11 in Ranged Weapons
  6327 | D:8      | 6327 ||| SWAPPING to +0 orcbow.
  6328 | D:8      | 6328 ||| DROPPING +5 heavy shortbow.
  6431 | D:8      | 6431 ||| INVOKING Heroism.
  6433 | D:8      | 6433 ||| INVOKING Spit Poison.
  6437 | D:8      | 6437 ||| INVOKING Spit Poison.
  6451 | D:8      | 6451 ||| INVOKING Spit Poison.
  6618 | D:8      | Noticed Maurice
  6619 | D:8      | 6619 ||| INVOKING Spit Poison.
  6625 | D:8      | 6625 ||| INVOKING Spit Poison.
  6631 | D:8      | 6631 ||| INVOKING Spit Poison.
  6632 | D:8      | Killed Maurice
  6759 | D:8      | 6759 ||| Stepping ~*~*~tactically~*~*~ (outnumbered).
  6761 | D:8      | 6761 ||| Stepping ~*~*~tactically~*~*~ (outnumbered).
  6762 | D:8      | 6762 ||| INVOKING Spit Poison.
  6766 | D:8      | 6766 ||| INVOKING Spit Poison.
  6772 | D:8      | 6772 ||| INVOKING Spit Poison.
  6854 | D:8      | Found a blossoming altar of Fedhas.
  6944 | D:8      | 6944 ||| INVOKING Spit Poison.
  6950 | D:8      | 6950 ||| INVOKING Spit Poison.
  6953 | D:8      | Killed Joseph
  7316 | D:8      | 7316 ||| UPGRADING to +1 cloak of stealth.
  7321 | D:8      | 7321 ||| READING scroll labelled JEUPPA NAPE.
  7451 | D:8      | 7451 ||| READING scroll labelled ZAXEMP KIKKEYCH.
  7516 | D:9      | 7516 ||| INVOKING Spit Poison.
  7520 | D:9      | 7520 ||| INVOKING Spit Poison.
  7522 | D:9      | 7522 ||| INVOKING Heroism.
  7528 | D:9      | 7528 ||| INVOKING Spit Poison.
  7532 | D:9      | 7532 ||| INVOKING Spit Poison.
  7534 | D:9      | HP: 17/91 [wight/+4 dagger of freezing (9)]
  7535 | D:9      | 7535 ||| READING 4 scrolls of teleportation.
  7537 | D:9      | HP: 8/91 [poisoned by a killer bee]
  7538 | D:9      | Slain by a wight

Levels and vault maps discovered:
D:1:      heliophobic_arrival_henge, layout_loops_cross, basic_ecumenical_altar
D:2:      layout_loops_ring, basic_altar, grunt_ministairs_1,
          grunt_decor_mini_mirrors, minmay_door_square, hangedman_decor_growths,
          chequers_serial_rivers_micro_a, uniq_sigmund
D:3:      layout_loops_ring, grunt_temple_overflow_magic_moments,
          mainiacjoe_overflow_24_doors, kennysheep_okawaru_gauntlet,
          nicolae_elevator_lobby_asterisk, uniq_grinder
D:4:      layout_loops_ring, nicolae_elyvilon_temple_path, uniq_pikel,
          uniq_ijyb, uniq_eustachio, uniq_blork_the_orc
D:5:      layout_basic, minmay_temple_entry_large_hall, serial_bayou,
          serial_bayou_pond_d, serial_bayou_pond_a, serial_bayou_crossing,
          serial_bayou_ford_a, hangedman_decor_opposing
D:6:      layout_cave_pods, gammafunk_temple_overflow_forgotten,
          lemuel_doored_altar, grunt_decor_cap, uniq_crazy_yiuf_cottage,
          uniq_edmund, uniq_maggie
D:7:      layout_rooms, nicolae_ossuary_entry_ruins, enter_bailey_2
D:8:      layout_layer_cave, lemuel_round_altar, uniq_joseph, uniq_maurice
D:9:      layout_rooms, lemuel_coloured_pillars_altar

Skill      XL: |  1  2  3  4  5  6  7  8  9 10 |
---------------+-------------------------------+-----
Ranged Weapons | 4 5 6 8 9 10 11 | 11.1
Fighting       | 3 5 7 8 |  8.0
Dodging        | 2 3 4 |  4.2
Invocations    | 2 4 |  4.0
Armour         | 1 |  1.3
Stealth        | |  1.5

Action                     |  1- 3 |  4- 6 |  7- 9 | 10-12 || total
---------------------------+-------+-------+-------+-------++-------
   Fire: Shortbow          |    50 |    37 |   177 |    64 ||   328
         Orcbow            |       |       |       |    69 ||    69
 Invoke: Heroism           |       |       |    11 |     3 ||    14
Ability: Spit Poison       |    21 |    14 |    54 |    20 ||   109
    Use: Scroll            |     6 |     1 |     6 |     7 ||    20
         Potion            |     2 |     1 |     4 |     1 ||     8
 Armour: Leather armour    |     6 |     3 |    21 |    14 ||    44
  Dodge: Dodged            |     8 |     3 |    56 |   121 ||   188

Table legend:
 A = Non-vault XP
 B = Vault XP
 C = Vault XP percentage of total XP
 D = Non-vault monster count
 E = Vault monster count
 F = Vault count percentage of total count
                 A         B        C        D         E       F
            +---------+---------+-------+---------+---------+-------
      Total |    3856 |    3180 |  45.2 |     156 |      35 |  18.3
            +---------+---------+-------+---------+---------+-------
        D:1 |      40 |       0 |   0.0 |      23 |       0 |   0.0
        D:2 |     116 |     228 |  66.3 |      20 |       3 |  13.0
        D:3 |      51 |     275 |  84.4 |      14 |       3 |  17.6
        D:4 |     626 |    1004 |  61.6 |      27 |       4 |  12.9
        D:5 |     454 |       0 |   0.0 |      15 |       0 |   0.0
        D:6 |     590 |     579 |  49.5 |      14 |       2 |  12.5
        D:7 |     679 |       0 |   0.0 |      16 |       0 |   0.0
        D:8 |     908 |     896 |  49.7 |      21 |       2 |   8.7
        D:9 |     392 |       0 |   0.0 |       6 |       0 |   0.0
    Ossuary |       0 |     198 | 100.0 |       0 |      21 | 100.0
            +---------+---------+-------+---------+---------+-------
